 Dungeon Crawl Stone Soup version 0.24.1-14-gf8d2b509d9 (webtiles) character file.

Game seed: 1663568838493461428, levelgen mode: deterministic

40 Clancy the Charmwright (level 3, -2/22 HPs)
             Began as a Gargoyle Skald on Feb 6, 2021.
             Slain by an adder (4 damage)
             ... on level 3 of the Dungeon.
             The game lasted 00:08:38 (1253 turns).

Clancy the Charmwright (Gargoyle Skald)             Turns: 1253, Time: 00:08:39

Health: -2/22      AC: 10    Str: 15    XL:     3   Next: 50%
Magic:  6/6        EV: 11    Int: 13    God:
Gold:   56         SH:  0    Dex:  9    Spells: 0/6 levels left

rFire    + . .     SeeInvis .   a - +1 hand axe
rCold    . . .     Gourm    .   (no shield)
rNeg     + . .     Faith    .   c - +2 ring mail {rF+}
rPois    ∞         Spirit   .   (no helmet)
rElec    +         Reflect  .   (no cloak)
rCorr    .         Harm     .   (no gloves)
MR       .....                  (no boots)
Stlth    ..........             (no amulet)
HPRegen  0.07/turn              (no ring)
MPRegen  0.10/turn              (no ring)

@: no status effects
A: negative energy resistance 1, electricity resistance, unbreathing,
petrification resistance, rot immunity, AC +3
a: no special abilities


You were on level 3 of the Dungeon.
You were not hungry.

You visited 1 branch of the dungeon, and saw 3 of its levels.

You collected 56 gold pieces.

Inventory:

Hand Weapons
 a - a +1 hand axe (weapon)
Armour
 b - a +0 leather armour
 c - a +2 ring mail of fire resistance (worn)
Jewellery
 e - a +4 amulet of reflection {unknown}
Scrolls
 g - a scroll of enchant weapon
 h - a scroll of remove curse
Comestibles
 d - 4 rations
 f - 3 chunks of flesh


   Skills:
 + Level 2.5 Fighting
 + Level 2.1 Axes
 + Level 1.7 Armour
 + Level 1.8 Dodging
 + Level 2.1 Spellcasting
 + Level 3.1 Charms


You couldn't memorise any spells.
You knew the following spells:

 Your Spells              Type           Power        Failure   Level  Hunger
a - Infusion              Chrm           #...         13%         1    ##.....
b - Song of Slaying       Chrm           #.......     21%         2    ###....
c - Regeneration          Chrm/Necr      #.........   58%         3    ####...

Your spell library contained the following spells:

 Spells                   Type           Power        Failure   Level  Hunger
 Shroud of Golubria       Chrm/Tloc      #.....       36%         2    ###....
 Spectral Weapon          Hex/Chrm       #.......     58%         3    ####...


Dungeon Overview and Level Annotations

Branches:
Dungeon (3/15)

Altars:
Gozag

Annotations:
D:2 Sigmund


Innate Abilities, Weirdness & Mutations

You are resistant to torment.
Your stone body is resilient. (AC +3)
You are immune to poison.
You resist negative energy. (rN+)
You are resistant to electric shocks. (rElec)
You can survive without breathing.
You are immune to petrification.
You are immune to rotting.


Message History

The adder bites you but does no damage.
Found a stone staircase leading down.
A rat comes into view.
The adder barely misses you.
An ogre comes into view. It is wielding a +0 giant club.
The adder bites you but does no damage.
The ogre moves out of view.
The ogre barely misses you.
As you read the scroll labeled DIUDEF ICWOOMP, it crumbles to dust.
It is a scroll of enchant weapon.
Your +0 hand axe glows red for a moment.
The adder closely misses you.
As you read the scroll labeled DEECON ERAGRE, it crumbles to dust.
You feel blessed for a moment.
It was a scroll of remove curse.
The adder bites you.
* * * LOW HITPOINT WARNING * * *
The ogre closely misses you. The adder closely misses you.
As you read the scroll labeled RIMOETONAPP, it crumbles to dust.
The scroll dissolves into smoke.
It was a scroll of fog.
The ogre closely misses you. The adder bites you.
You die...

#.# #<#.# #.# #.#.# #.#
#.#.# ### #.#
##.#.###..
....##.#######........#
..................#####
####r§....##.####
#S###..##.# #@# #..##.#
#O# #..##.# §§§ #......
##..###..... #..#
#.##.# #... ##.# .#


You could see an ogre, an adder and a rat.

Vanquished Creatures
  2 dart slugs (D:1)
  2 leopard geckos (D:1)
  2 ball pythons
  4 bats (D:1)
  A giant cockroach (D:1)
  5 goblins
  4 hobgoblins
  2 jackals (D:1)
  2 frilled lizards (D:1)
  3 kobolds (D:1)
  6 rats
33 creatures vanquished.

Notes
Turn   | Place    | Note
-------+----------+-------------------------------------------
     0 | D:1      | Clancy the Gargoyle Skald began the quest for the Orb.
     0 | D:1      | Reached XP level 1. HP: 12/12 MP: 3/3
   285 | D:1      | Reached skill level 3 in Charms
   292 | D:1      | Reached XP level 2. HP: 13/18 MP: 5/5
   607 | D:1      | Reached XP level 3. HP: 21/22 MP: 6/6
   613 | D:1      | Learned a level 2 spell: Song of Slaying
   617 | D:1      | Learned a level 3 spell: Regeneration
  1100 | D:2      | Noticed Sigmund
  1139 | D:2      | Found an opulent altar of Gozag.
  1248 | D:3      | Noticed an ogre
  1252 | D:3      | HP: 1/22 [adder (3)]
  1253 | D:3      | Slain by an adder

Levels and vault maps discovered:
D:1:      wander_arrival_lonely_grave, layout_basic, minmay_quantized
D:2:      layout_basic, overflow_temple_1_default, uniq_sigmund
D:3:      layout_loops_ring, lemuel_crystal_altar

Skill      XL: |  1  2 |
---------------+-------+-----
Charms         | 3 |  3.1
Axes           | 2 |  2.1
Fighting       | |  2.5
Armour         | |  1.7
Dodging        | |  1.8
Spellcasting   | |  2.1

Action                   || total
-------------------------++-------
Melee: Hand axe          ||   118
 Cast: Infusion          ||     1
  Use: Scroll            ||     5
  Eat: Chunk             ||     1
Armor: Ring mail         ||    92
       Leather armour    ||    15
Dodge: Dodged            ||   112
